 Dungeon Crawl Stone Soup version 0.30.1-4-g462c640d31 (webtiles) character file.

Game seed: 15380206950171665820

56 booth the Chopper (level 3, -3/33 HPs)
             Began as a Hill Orc Monk on Sept 9, 2023.
             Slain by a cerulean imp
             ... wielding a +2 spear
             ... summoned by Natasha
              (6 damage)
             ... on level 2 of the Dungeon.
             The game lasted 00:04:41 (1304 turns).

booth the Chopper (Hill Orc Monk)                   Turns: 1304, Time: 00:04:42

Health: -3/33      AC:  4    Str: 15    XL:     3   Next: 97%
Magic:  3/3        EV: 12    Int: 10    God:
Gold:   79         SH:  0    Dex: 13    Spells: 2/2 levels left

rFire   . . .        a - +0 hand axe
rCold   . . .        d - orb {light}
rNeg    . . .        b - +0 robe
rPois   .            k - +2 hat
rElec   .            (no cloak)
rCorr   +            (no gloves)
SInv    .            (no boots)
Will    .....        (no amulet)
Stlth   +            h - ring of resist corrosion
HPRegen 0.25/turn    (no ring)
MPRegen 0.08/turn

%: no passive effects
@: slowed, glowing, very slow
A: no striking features
a: no special abilities


You were on level 2 of the Dungeon.
You visited 1 branch of the dungeon, and saw 2 of its levels.

You collected 79 gold pieces.

Inventory:

Hand Weapons
 a - a +0 hand axe (weapon)
Missiles
 f - 4 javelins (quivered)
Armour
 b - a +0 robe (worn)
 d - an orb of light (worn)
 k - a +2 hat (worn)
Jewellery
 h - a ring of resist corrosion (left hand)
Scrolls
 e - 2 scrolls of teleportation
 j - a scroll of enchant armour {unknown}
Potions
 c - a potion of ambrosia
 g - a potion of resistance {unknown}
 i - a potion of lignification


   Skills:
 + Level 4.0 Fighting
 * Level 4.9(5.0) Axes
 + Level 0.8(2.6) Maces & Flails
 + Level 2.7 Dodging
 + Level 0.7 Shields
 + Level 1.2 Invocations


You had 2 spell levels left.
You didn't know any spells.
Your spell library contained the following spells:

 Spells                   Type           Power      Damage    Failure   Level
 Shock                    Conj/Air       0%         1d3       36%         1
 Poisonous Vapours        Pois/Air       0%         N/A       50%         2
 Mephitic Cloud           Conj/Pois/Air  0%         N/A       75%         3
 Ozocubu's Armour         Ice            0%         N/A       75%         3
 Swiftness                Air            0%         N/A       75%         3
 Airstrike                Air            0%         2d(0-16)  98%         4
 Freezing Cloud           Conj/Ice/Air   0%         6-21      100%        5
 Ozocubu's Refrigeration  Ice            0%         4d7       100%        7


Dungeon Overview and Level Annotations

Branches:
Dungeon (2/15)

Altars:

Annotations:
D:2 Natasha


Message History

The cerulean imp hits you from afar with a +2 spear.
You hit the worm.
The worm is almost dead.
The cerulean imp hits you but does no damage.
The worm barely misses you.
You hit the worm.
You kill the worm!
You barely miss Natasha. Natasha misses you.
The cerulean imp closely misses you.
You hit Natasha.
Natasha is moderately wounded.
Natasha claws you.
The cerulean imp hits you from afar with a +2 spear.
You closely miss Natasha.
Natasha is moderately wounded.
Natasha claws you but does no damage.
The cerulean imp hits you from afar with a +2 spear.
You barely miss Natasha.
Natasha is moderately wounded.
Natasha claws you.
* * * LOW HITPOINT WARNING * * *
The cerulean imp hits you from afar with a +2 spear.
* * * LOW HITPOINT WARNING * * *
You closely miss Natasha.
Natasha is moderately wounded.
Natasha claws you.
* * * LOW HITPOINT WARNING * * *
The cerulean imp misses you.
You barely miss Natasha.
Natasha is moderately wounded.
Natasha closely misses you. The cerulean imp barely misses you.
Natasha casts a spell at you.
You feel yourself slow down.
You hit Natasha but do no damage.
Natasha is moderately wounded.
The cerulean imp hits you from afar with a +2 spear.
* * * LOW HITPOINT WARNING * * *
Natasha closely misses you.
The cerulean imp hits you from afar with a +2 spear.
You die...

# # # # ############## #
#.....5.@....#### ### #
.......#h....##.###.#####
#..###.#.##.........##.##
# #.#.##...#.###.##.##
................##.##.##
....h.#.###..#.###.##.##
................##.##.##
........###..#..##......
........................


You could see Natasha and a cerulean imp (summoned).

Vanquished Creatures
  Natasha (D:2)
  A worm (D:2)
  2 dart slugs (D:1)
  A ball python (D:1)
  2 endoplasms
  2 giant cockroaches (D:1)
  A hobgoblin (D:2)
  3 jackals (D:1)
  2 kobolds
  3 quokkas (D:1)
  A bat (D:1)
  2 frilled lizards
  2 rats (D:1)
23 creatures vanquished.

Notes
Turn   | Place    | Note
-------+----------+-------------------------------------------
     0 | D:1      | booth the Hill Orc Monk began the quest for the Orb.
     0 | D:1      | Reached XP level 1. HP: 19/19 MP: 1/1
   175 | D:1      | Reached XP level 2. HP: 27/27 MP: 2/2
   744 | D:1      | Found a faded altar of an unknown god.
   805 | D:1      | Reached XP level 3. HP: 33/33 MP: 3/3
   987 | D:2      | Noticed Natasha
  1115 | D:2      | Killed Natasha
  1116 | D:2      | Reached skill level 1 in Invocations
  1280 | D:2      | Noticed Natasha
  1304 | D:2      | Slain by a cerulean imp

Illustrated notes

Levels and vault maps discovered:
D:1:      dpeg_arrival_arbitrary_b, layout_loops_corners,
          shapermc_ecumenical_altar_totnotflames
D:2:      layout_basic, minmay_diced_spiral, uniq_natasha, uniq_terence

Skill      XL: |  1  2  3 |
---------------+----------+-----
Fighting       | 4 |  4.0
Invocations    | 1 |  1.2
Axes           | |  4.9
Maces & Flails | |  0.8
Dodging        | |  2.7
Shields        | |  0.7

Action                     || total
---------------------------++-------
  Melee: Hand axe          ||    73
    Use: Scroll            ||     3
         Potion            ||     2
 Armour: Robe              ||    14
  Dodge: Dodged            ||    55
